 Dungeon Crawl Stone Soup version 0.18.1-6-gd335043 (webtiles) character file.

116 M4edhros the Insei (level 4, -6/35 HPs)
             Began as a Mummy Monk on May 18, 2016.
             Mangled by a scorpion (8 damage)
             ... on level 5 of the Dungeon.
             The game lasted 00:04:20 (2711 turns).

M4edhros the Insei (Mummy Monk)                     Turns: 2711, Time: 00:04:21

Health: -6/35      AC:  1    Str: 14    XL:     4   Next: 70%
Magic:  4/4        EV: 13    Int:  9    God:
Gold:   136        SH:  0    Dex: 15    Spells: 0 memorised, 3 levels left

rFire  x . .     SeeInvis .       - Unarmed
rCold  + . .     Gourm    .     (no armour)
rNeg   + + +     Faith    .     (no shield)
rPois  ∞         Spirit   .     (no helmet)
rElec  .         Dismiss  .     a - +0 cloak
rCorr  .         Reflect  .     (no gloves)
SustAt .         Harm     .     (no boots)
MR     .....     Rnd*Tele +     (no amulet)
Stlth  ++........               (no ring)
                                c - ring of teleportation (curse)

@: about to teleport, not resistant to hostile enchantments, unstealthy
A: no food or potions, fire vulnerability, cold resistance 1, negative energy
resistance 3, torment resistance, unbreathing
a: no special abilities


You were on level 5 of the Dungeon.
You were not hungry.

You visited 1 branch of the dungeon, and saw 5 of its levels.

You collected 136 gold pieces.

Inventory:

Armour
 a - a +0 cloak (worn)
Rods
 f - a +2 rod of shadows (4/10)
   (You found it on level 3 of the Dungeon)
Jewellery
 c - a cursed ring of teleportation (left hand)
Scrolls
 b - a scroll of identify


   Skills:
 + Level 3.2 Fighting
 + Level 2.9 Dodging
 - Level 1.5 Stealth
 - Level 4.4 Unarmed Combat
 * Level 1.1 Evocations


You had 3 spell levels left.
You didn't know any spells.

Dungeon Overview and Level Annotations

Branches:
Dungeon (5/15)
 Temple: D:4-7

Altars:
Elyvilon
Vehumet

Annotations:
D:3 Sigmund; manyhoops's ghost, amateur DsGl


Innate Abilities, Weirdness & Mutations

You do not eat or drink.
Your flesh is vulnerable to fire.
You are immune to poison.
Your flesh is cold resistant.
You are immune to negative energy.
You are immune to unholy pain and torment.
You can survive without breathing.


Message History

Found a stone staircase leading down.
An adder and 4 jackals come into view.
The jackal barks! x2
The jackal bites you.
* * * LOW HITPOINT WARNING * * *
The jackal closely misses you. The jackal barely misses you.
The jackal bites you.
* * * LOW HITPOINT WARNING * * *
The jackal barely misses you.
A scorpion comes into view.
The adder bites you.
* * * LOW HITPOINT WARNING * * *
Wield which item (- for none, * to show all)? (? for menu, Esc to quit)
Okay, then.
Read which item? (? for menu, Esc to quit)
As you read the scroll of teleportation, it crumbles to dust.
You feel strangely unstable. The adder bites you.
* * * LOW HITPOINT WARNING * * *
The scorpion stings you!
You die...

#..#########..##
#..[............
#.......#.#....
#..............
#..............
#....)..#####.
#.....hh# .
#......S####....
##....hh@s......
.......#####...#
###.#.#.# #
#.#.#.. . #.#.
#. #.


You could see a scorpion, an adder and 4 jackals.

Vanquished Creatures
  2 adders
  An ooze (D:1)
  2 worms
  A dart slug (D:1)
  3 giant geckos
  6 orcs
  A ball python (D:2)
  2 bats (D:1)
  2 giant cockroaches (D:1)
  3 goblins (D:1)
  2 hobgoblins (D:2)
  2 jackals (D:2)
  2 quokkas
  3 giant newts
  5 kobolds (D:2)
  8 rats
  A plant (D:2)
46 creatures vanquished.

Vanquished Creatures (collateral kills)
  A scorpion (D:4)
  A dart slug (D:4)
  2 orcs (D:4)
4 creatures vanquished.

Grand Total: 50 creatures vanquished

Notes
Turn   | Place    | Note
--------------------------------------------------------------
     0 | D:1      | M4edhros the Mummy Monk began the quest for the Orb.
     0 | D:1      | Reached XP level 1. HP: 18/18 MP: 1/1
   424 | D:1      | Reached XP level 2. HP: 21/24 MP: 2/2
   832 | D:2      | Reached skill level 4 in Unarmed Combat
  1081 | D:2      | Reached XP level 3. HP: 13/29 MP: 3/3
  1485 | D:2      | Found a radiant altar of Vehumet.
  2087 | D:3      | Noticed Sigmund
  2100 | D:3      | Found a white marble altar of Elyvilon.
  2121 | D:3      | Identified a +2 rod of shadows (10/10) (You found it on level 3 of the Dungeon)
  2123 | D:3      | damn it, found rod of shadows...
  2123 | D:3      | im changeing the game, and going for pakellas
  2123 | D:3      | boom
  2123 | D:3      | not mumo :(
  2132 | D:3      | Noticed manyhoops's ghost (amateur DsGl)
  2473 | D:3      | Reached XP level 4. HP: 24/35 MP: 4/4
  2672 | D:4      | Reached skill level 1 in Evocations
  2694 | D:5      | Entered Level 5 of the Dungeon
  2711 | D:5      | Mangled by a scorpion

Skill      XL: |  1  2  3  4 |
---------------+-------------+-----
Unarmed Combat | 4 |  4.4
Evocations     | 1 |  1.1
Fighting       | |  3.2
Dodging        | |  2.9
Stealth        | |  1.5

Action                   |  1- 3 |  4- 6 || total
-------------------------+-------+-------++-------
Melee: Unarmed           |   194 |    23 ||   217
       Punch             |     4 |       ||     4
Evoke: Rod               |     4 |     2 ||     6
  Use: Scroll            |     6 |     2 ||     8
 Stab: Sleeping          |     2 |     1 ||     3
Armor: Skin              |     5 |       ||     5
Dodge: Dodged            |    88 |    18 ||   106
